[Event "Polish Youth B18 Championship 2023"]
[Site "Jastrzebia Gora"]
[Date "2023.03.17"]
[Round "7.3"]
[White "Chyzy, Jakub"]
[Black "Kaliszuk, Kamil"]
[Result "0-1"]
[ECO "C11"]
[WhiteElo "2250"]
[BlackElo "2217"]
[Annotator "TA"]
[PlyCount "92"]
[EventDate "2023.03.11"]
[EventType "swiss"]
[EventCountry "POL"]
[SourceTitle "playchess.com"]
[Source "ChessBase"]
[SourceQuality "1"]
[TimeControl "40/5400+30:1800+30"]

1. e4 e6 2. Nf3 d5 3. Nc3 Nf6 4. e5 Nfd7 5. d4 c5 6. dxc5 Nc6 7. Bf4 Bxc5 8. Bd3 h6 9. O-O a6 10. a3 {[%emt 0:02:57] C11: French: Classical System: 4 e5 and 4 Bg5 dxe4.} (10. Bg3 $15) 10... g5 $17 11. Bg3 (11. b4 $142) 11... g4 12. Nd2 {[%emt 0:06:44] [#]} (12. Bh4 $142 Be7 13. Bxe7 Qxe7 14. Nd2) 12... h5 $146 (12... Ncxe5 13. Qe2 Qg5 14. Rae1 Nxd3 15. Qxd3 $11) (12... Ndxe5 13. Nb3 Bb6 14. Re1 $17) ({Predecessor:} 12... Qg5 13. Nb3 Ba7 14. Re1 h5 15. Qc1 Qxc1 16. Raxc1 Bb8 17. Nxd5 exd5 18. e6 Nde5 19. exf7+ Kxf7 {½-½ Pesola,J-Pirttilahti,J FIN-chT1B 9900 1999}) 13. Nb3 Ba7 14. Qd2 Ndxe5 (14... Ncxe5 15. Rae1 f6 16. Bh4 $15) 15. Rae1 Nc4 (15... f6 $17 {Hoping for ...h4.} 16. Kh1 Bd7) 16. Qc1 (16. Bxc4 $11 {is more appropriate.} dxc4 17. Qxd8+ Kxd8 18. Bh4+ Kc7 19. Nd2) 16... h4 17. Bf4 {[%emt 0:00:36] [#]} g3 18. hxg3 (18. Bxc4 $1 $15 gxf2+ 19. Rxf2 Bxf2+ 20. Kxf2 dxc4 21. Nd2) 18... hxg3 19. Bxg3 Bb8 (19... b5 $1 $17 20. Qf4 Kf8 21. Bxc4 (21. Bg6 $2 f5 $19) 21... bxc4 22. Qd6+ Qxd6 23. Bxd6+ Kg7) 20. Bxc4 $11 dxc4 21. Nd2 Qg5 (21... Bxg3 22. fxg3 e5 23. Rf2 $16 (23. Nxc4 Qd4+ 24. Ne3 Bg4 $14)) 22. Bxb8 (22. Nxc4 $2 Qh5 23. f4 Ba7+ 24. Re3 Ne7 $17) (22. Nde4 {simplifies} Qxc1 23. Rxc1 b5 24. Rce1) 22... Qh5 (22... Rxb8 $11 23. Nxc4 Qh4) 23. f4 $1 $16 Qh2+ (23... Rxb8 $16 24. Nf3 Qc5+ 25. Qe3 Qxe3+ 26. Rxe3 b5) 24. Kf2 $18 Qh4+ (24... Rxb8 $2 25. Rh1 (25. Nxc4 Qh4+ 26. Ke3 e5 $16) 25... Qxf4+ 26. Nf3 Qxc1 27. Rxh8+ (27. Rxc1 Rxh1 28. Rxh1 b5 $15) 27... Ke7 28. Rxc1 $18) 25. g3 $1 Qh2+ 26. Ke3 Rxb8 27. Nf3 $1 Qh6 (27... Qxg3 $2 28. Rg1 Qh3 29. Rh1 $18) 28. Rh1 Qg7 (28... Qf8 {keeps fighting.} 29. Kf2 f5) 29. Rxh8+ Qxh8 30. Rh1 Qg7 (30... Qf8 {is a better defense.} 31. Kf2 b6) 31. Ne4 Ne7 {[%emt 0:02:33] Black is weak on the dark squares} 32. Kf2 Nd5 33. Ne5 Bd7 $2 (33... f6 {was necessary.}) 34. Nd6+ $2 ({Less strong is} 34. Nxc4 Qd4+ 35. Ne3 (35. Kf3 Bc6 $14) 35... Nxf4 $14) (34. Ng5 $18 f6 35. Rh7 (35. Nxc4 $2 {too greedy.} fxg5 36. Qd1 gxf4 $19) 35... Qxh7 36. Nxh7 fxe5 37. fxe5) 34... Ke7 $16 35. Ndxf7 {[%emt 0:00:57] A dynamic duo of knights.} (35. Ndxc4 $16 {Black must now prevent Ne3.} Rc8 36. Qd1) 35... Rf8 $15 {[%emt 0:00:43] Really sharp!} 36. c3 (36. Qd1 $1 $15) 36... Rxf7 $19 37. Nxf7 Qxf7 38. Qc2 {[%emt 0:00:22] [#]} (38. Qf1 $17) 38... Nf6 $1 39. Qe2 (39. Rh4 {was called for.}) 39... Bc6 40. Rh4 Ne4+ (40... Qg6 $142 {( -> ...Ne4+)} 41. f5 Qxf5+ 42. Rf4 Qb1 43. Rxc4 Bb5 44. Rc7+ Kd6) 41. Ke1 Nxg3 42. Qxc4 {[%emt 0:22:40] This costs White the game.} (42. Qe5 $17 Qg6 43. Qg5+ Qxg5 44. fxg5) 42... Qf5 43. Kd2 Qb1 44. Qb4+ {[%emt 0:06:28] [#]} Kf7 $1 45. c4 $2 (45. f5 $19 Nxf5 46. Rh8) 45... Ne4+ 46. Ke3 Qg1+ {[%emt 0:00:32] Weighted Error Value: White=0.58/Black=0.45} 0-1

[Event "Polish Youth B18 Championship 2023"]
[Site "Jastrzebia Gora"]
[Date "2023.03.17"]
[Round "7.4"]
[White "Kacprzak, Karol"]
[Black "Kacprzak, Kacper"]
[Result "1/2-1/2"]
[ECO "E16"]
[WhiteElo "2221"]
[BlackElo "2248"]
[Annotator "TA"]
[PlyCount "56"]
[EventDate "2023.03.11"]
[EventType "swiss"]
[EventCountry "POL"]
[SourceTitle "playchess.com"]
[Source "ChessBase"]
[SourceQuality "1"]
[TimeControl "40/5400+30:1800+30"]

1. d4 Nf6 2. c4 e6 3. Nf3 Bb4+ 4. Bd2 Qe7 5. g3 Nc6 6. Bg2 Bxd2+ 7. Nbxd2 d6 8. O-O O-O 9. e4 e5 10. d5 Nb8 11. Ne1 a5 12. Nd3 Na6 13. a3 c6 {[%emt 0:02:45] is the legacy move (13...Bg4).} 14. b4 {[%emt 0:01:41] E11: Bogo-Indian.} cxd5 15. cxd5 ({Much weaker is} 15. bxa5 d4 16. Qe2 Nc5 17. Nxc5 dxc5 $17) ({But not} 15. exd5 Bf5 16. Qb3 Bxd3 17. Qxd3 axb4 18. axb4 Nxb4 $17) 15... axb4 16. axb4 Bg4 17. f3 Bd7 18. Qb3 Nc7 19. Nc4 Nb5 20. Qb2 {[%emt 0:01:14] [#]} Rfc8 $146 {[%emt 0:05:21] [#] Hoping for ...Rxa1.} ({Predecessor:} 20... Rxa1 21. Rxa1 Ne8 22. Na5 Nd4 23. Nc1 f5 24. Ne2 fxe4 25. Nxd4 exd4 26. Re1 Qd8 27. Rxe4 {1-0 Gordon,S (2490)-Palac,M (2568) EU-ch 8th Dresden 2007 (8)}) 21. Rxa8 {[%emt 0:00:36] The position is equal.} Rxa8 22. Ra1 Qd8 23. Rxa8 Qxa8 24. Bf1 Qa7+ 25. Qf2 Qa1 26. Qb2 Qa7+ 27. Qf2 {[%emt 0:00:28] [#] Strongly threatening Qxa7.} Qa1 28. Qb2 Qa7+ {[%emt 0:00:45] Not much happened in this game.   Weighted Error Value: White=0.08 (flawless) /Black=0.05 (flawless)} 1/2-1/2

[Event "Polish Youth B18 Championship 2023"]
[Site "Jastrzebia Gora"]
[Date "2023.03.17"]
[Round "7.5"]
[White "Ciszewski, Krzysztof"]
[Black "Luberanski, Jakub"]
[Result "1/2-1/2"]
[ECO "D44"]
[WhiteElo "2047"]
[BlackElo "2242"]
[Annotator "TA"]
[PlyCount "103"]
[EventDate "2023.03.11"]
[EventType "swiss"]
[EventCountry "POL"]
[SourceTitle "playchess.com"]
[Source "ChessBase"]
[SourceQuality "1"]
[TimeControl "40/5400+30:1800+30"]

1. d4 d5 2. c4 c6 3. Nc3 Nf6 4. Nf3 e6 5. Bg5 dxc4 6. e4 b5 7. e5 h6 8. Bh4 g5 9. Nxg5 hxg5 10. Bxg5 Nbd7 11. exf6 Bb7 12. g3 c5 13. d5 Qb6 14. Bg2 O-O-O 15. O-O b4 16. Na4 (16. Rb1 {keeps more tension.} Qa6 17. dxe6 Bxg2 18. e7) 16... Qa6 {[%emt 0:00:05] D44: Semi-Slav: Botvinnik System.} 17. b3 c3 {[%emt 0:25:46] ...Bxd5 is the strong threat.} 18. a3 $1 Bxd5 $1 19. Bxd5 Ne5 {[%emt 0:01:17] [#]} (19... exd5 $2 20. Qxd5 Qb7 21. Qxf7 $16) 20. Qc2 $146 ({Predecessor:} 20. axb4 Rxd5 21. Nxc3 Rxd1 22. Rxa6 Rd3 23. Rc1 Kb7 24. b5 Nf3+ 25. Kf1 Rxh2 26. Ke2 Rxc3 27. Rxc3 Nd4+ 28. Kd3 Nxb5 29. Ra2 Nxc3 30. Kxc3 Bh6 {½-½ Relyea,A (2283)-Boada Marti,M (2280) WS TT/4/19/fin email 2020}) 20... Rxd5 $19 21. Qe4 {[%emt 0:03:06] Repels Nf3+} Qd3 22. Qxd3 Nxd3 (22... Rxd3 $142 23. Kg2 c4 24. axb4 cxb3) 23. Be3 Rd7 24. Rfd1 $2 (24. Ra2 $17) 24... Bh6 25. f4 (25. Nxc5 Nxc5 26. Rxd7 (26. Bxc5 $2 Rxd1+ 27. Rxd1 c2 $19) 26... Nxd7 $19) 25... Rhd8 26. Rf1 Bf8 27. h4 Kb7 28. g4 Kc6 29. g5 {[%emt 0:02:23] [#]} (29. axb4 $142 cxb4 30. g5) 29... Rd4 $2 30. Bxd4 $11 Rxd4 (30... cxd4 $15 31. Rad1 Nc5 32. axb4 Nxa4 33. bxa4 Bxb4) 31. axb4 cxb4 32. Rad1 c2 33. Rd2 c1=Q (33... Ne1 $2 34. Rxd4 $18) 34. Rxc1+ Nxc1 35. Rc2+ Kd5 36. Rxc1 Rxf4 {[%emt 0:00:46][%mdl 4096] Endgame KRB-KRN} (36... Bd6 $1 $11) 37. Rc7 (37. Rc4 $1 $16 Rxc4 38. bxc4+ Ke4 39. h5) 37... Rxh4 38. Rxf7 Rg4+ (38... Bd6 $1 $11) 39. Kf2 {[%emt 0:00:47] White has more active pieces.} ({White should try} 39. Kh1 $16 Bd6 40. Rxa7) 39... Bd6 40. Rxa7 {[%emt 0:00:00] Threatens to win with Ra5+.} e5 $1 41. Rg7 Ke6 42. Kf3 Kf5 (42... Rf4+ $11 43. Ke2 Re4+ 44. Kf3 Rf4+ 45. Ke3 Rg4) 43. f7 (43. Rd7 $14 Rf4+ 44. Kg3) 43... e4+ 44. Kf2 (44. Ke3 $5 Rg3+ $8 45. Ke2 $14) 44... Rf4+ $2 (44... Rg3 $1 $11) 45. Ke2 $18 Rf3 46. g6 (46. Rg8 $142 Rxb3 47. g6 (47. f8=R+ Bxf8 48. Rxf8+ Kxg5 $14) (47. f8=B Bf4 $11)) 46... Rxb3 $2 (46... Rg3 47. Rg8 Rg2+ 48. Ke3 Rxg6 49. f8=Q+ Bxf8 50. Rxf8+ Ke5) 47. Rg8 $1 Kf6 {[%emt 0:00:13] [#]} 48. Nb6 $1 (48. f8=R+ Bxf8 49. Rxf8+ Kxg6 $14) 48... Rf3 {[%emt 0:06:14] [#]} 49. Nd5+ $2 ({Weaker is} 49. f8=R+ Bxf8 50. Rxf8+ Kxg6 $11) (49. Nc4 $1 $18 Bc5 50. Ne5 (50. f8=R+ Bxf8 51. Rxf8+ Kxg6 $14) 50... Re3+ 51. Kd2 Rd3+ 52. Nxd3 e3+ 53. Ke2) 49... Kg5 $11 {[%emt 0:01:19] The position is equal.} 50. Rd8 {[%emt 0:03:44] Really sharp!} Kxg6 51. Rxd6+ Kxf7 52. Nxb4 {[%emt 0:00:10] Weighted Error Value: White=0.64/Black=0.46} 1/2-1/2

[Event "Polish Youth B18 Championship 2023"]
[Site "Jastrzebia Gora"]
[Date "2023.03.17"]
[Round "7.6"]
[White "Backiel, Hubert"]
[Black "Wojdak, Jan"]
[Result "1-0"]
[ECO "B12"]
[WhiteElo "2127"]
[BlackElo "2097"]
[Annotator "TA"]
[PlyCount "99"]
[EventDate "2023.03.11"]
[EventType "swiss"]
[EventCountry "POL"]
[SourceTitle "playchess.com"]
[Source "ChessBase"]
[SourceQuality "1"]
[TimeControl "40/5400+30:1800+30"]

1. e4 c6 2. d4 d5 3. e5 Bf5 4. Nf3 e6 5. Be2 Nd7 6. O-O a5 {[%emt 0:03:42] B12: Caro-Kann: Advance Variation.} 7. c3 a4 8. Nbd2 f6 {[%emt 0:03:30] White has an edge.} 9. exf6 (9. b4 $14) 9... Qxf6 10. Re1 Bd6 11. Nf1 Ne7 {[%emt 0:04:51][%cal Bg8e7,Be7g6,Bg6f4][%mdl 32] [#]} 12. Ng3 $146 ({Predecessor:} 12. Bg5 Qf7 13. Bh4 Ng6 14. Ng5 Qf6 15. Ne4 Qf8 16. Nxd6+ Qxd6 17. Bg3 Qe7 18. Bg4 {½-½ Vachier Lagrave,M (2736)-Mitrabha,G (2510) Chessable Masters Play In rapid 2023 (1)}) 12... h6 {[%emt 0:02:49] Against Bg5} 13. Nh5 Qf7 14. Bf4 Bxf4 15. Nxf4 g5 {[%emt 0:06:34] Inhibits Nh4.} 16. Nd3 $36 {[%emt 0:00:05][%mdl 2048] Black is under pressure.} Ng6 17. Qd2 Be4 18. Qe3 Rf8 (18... O-O $11) 19. Nd2 $14 Bxd3 20. Bxd3 Nf4 21. Bf1 O-O-O 22. g3 Rg8 23. Kh1 (23. gxf4 $2 {is the wrong capture.} gxf4+ $19) (23. Qf3 $18) 23... Nh5 24. Qxe6 ({Better is} 24. b4 $16) 24... Qxf2 $11 25. Re2 (25. Qxh6 $2 {too greedy.} Rh8 26. Re6 Rxh6 $19) (25. Qe3 {simplifies} Qxe3 26. Rxe3 Nhf6 27. Rae1) 25... Qf6 26. Bh3 Qg7 (26... Qxe6 {simplifies} 27. Rxe6 g4 28. Bf1 Nhf6) 27. Rf1 {[%emt 0:01:55][%cal Ba1f1,Bf1f2,Bf2f3][%mdl 32] [#] aiming for Rf7.} Rgf8 {[%emt 0:04:20][%mdl 8192] Prevents Rf7. White leaves nothing to chance now.} (27... g4 $1 $11 28. Rf7 Qg6 29. Qxg6 Rxg6) 28. Ref2 $18 Rxf2 (28... g4 {might work better.}) 29. Rxf2 {[%emt 0:00:07] Rf7 would be deadly.} g4 30. Bxg4 Nxg3+ 31. hxg3 h5 32. Bh3 Qxg3 33. Rf3 Qg5 34. Qe3 $2 (34. Qd6) 34... Qg7 {[%emt 0:00:23] Prevents Rf7.} (34... Qxe3 35. Rxe3 Kb8) 35. Qe5 Qh7 (35... Rg8 36. Qh2 (36. Qxh5 $2 Qg1#) 36... Kd8) 36. Qf5 Qh6 37. Qf4 Qh7 (37... Qxf4 38. Rxf4 Re8) 38. Bf5 Qg7 39. Rg3 Qe7 40. Re3 Qg7 41. Rg3 Qe7 42. Qe5 {[%emt 0:01:56] Against a3} (42. Nf3 $142 {Threatens to win with Ne5.} Rf8 43. Ne5 Rxf5 44. Qxf5) 42... Qh4+ (42... Qxe5 $18 43. dxe5 Rf8) 43. Kg2 a3 44. bxa3 c5 45. Nf3 (45. Rg7 $142 cxd4 46. Qd6 Qg4+ 47. Bxg4 hxg4 48. Nb3 b6 49. Qc6+ Kb8 50. Nxd4) 45... Qe4 {[%emt 0:00:27] White is clearly winning.} 46. Bxe4 Nxe5 47. Bf5+ Nd7 48. Ne5 Kc7 49. Bxd7 {[%emt 0:00:24] [#] Black must now prevent Rg7.} Ra8 50. a4 {[%emt 0:00:05] Weighted Error Value: White=0.71/Black=0.67} 1-0

[Event "Polish Youth B18 Championship 2023"]
[Site "Jastrzebia Gora"]
[Date "2023.03.17"]
[Round "7.7"]
[White "Taranowicz, Michal"]
[Black "Biesiadecki, Adam"]
[Result "1-0"]
[ECO "B31"]
[WhiteElo "1900"]
[BlackElo "1761"]
[Annotator "TA"]
[PlyCount "45"]
[EventDate "2023.03.11"]
[EventType "swiss"]
[EventCountry "POL"]
[SourceTitle "playchess.com"]
[Source "ChessBase"]
[SourceQuality "1"]
[TimeControl "40/5400+30:1800+30"]

1. e4 c5 2. Nf3 Nc6 3. Bb5 g6 4. Bxc6 dxc6 5. d3 Bg7 6. h3 e5 7. Be3 b6 8. a4 {[%emt 0:00:05][%cal Oa4a5] B31: Sicilian: 2...Nc6 3 Bb5 g6.} a5 9. Na3 h6 (9... Qc7 $11 {keeps the balance.}) 10. Nc4 $16 {[%emt 0:00:28] White is better.} Qc7 11. b4 axb4 {[%emt 0:14:50] [#]} (11... cxb4 $16 12. Bxb6 Qe7) 12. a5 $1 $18 {[%emt 0:00:15][%mdl 576] Deflection} bxa5 13. Bxc5 {[%emt 0:00:07] [#] Nd6+ would be deadly.} Bf8 $146 {[%emt 0:20:41] Repels Nd6+} ({Predecessor:} 13... Ne7 14. Bb6 Qb8 15. Rxa5 Rxa5 16. Bxa5 O-O 17. Qb1 Be6 18. Nfd2 c5 19. O-O Rc8 {1-0 Player,E (2172)-Djordjevic,D (2166) Titled Tuesday intern op 22nd Dec blitz 2020 (11)}) 14. Bb6 {[%emt 0:03:11][%cal Bc5b6,Bb6e3,Be3f4][%mdl 32] White is much more active.} Qb8 (14... Qb7 $16 15. Nfxe5 (15. Bxa5 f6 $16) 15... a4) 15. Nfxe5 ({Weaker is} 15. Rxa5 Rxa5 16. Bxa5 f6 $16) 15... a4 16. Nxc6 ({But not} 16. Qf3 $6 Be6 17. Nxc6 Qc8 $18) 16... Qb7 17. N6a5 {[%emt 0:02:45] A dynamic duo of knights.} Qd7 18. Be3 {[%emt 0:02:38] [#] Strongly threatening Nb6.} Rb8 (18... Qb5 {might work better.}) 19. O-O {[%emt 0:01:08] Threatens to win with Bf4.} Bg7 20. Bf4 {[%emt 0:00:59] White is clearly winning.} Ra8 21. Nb6 Rxa5 22. Nxd7 Bxd7 23. d4 {[%emt 0:02:39] White took control after the opening.   Weighted Error Value: White=0.20 (precise) /Black=0.68} 1-0

[Event "Polish Youth B18 Championship 2023"]
[Site "Jastrzebia Gora"]
[Date "2023.03.17"]
[Round "7.8"]
[White "Madajczak, Piotr"]
[Black "Czernek, Tymon"]
[Result "1/2-1/2"]
[ECO "A22"]
[WhiteElo "1897"]
[BlackElo "2314"]
[Annotator "TA"]
[PlyCount "77"]
[EventDate "2023.03.11"]
[EventType "swiss"]
[EventCountry "POL"]
[SourceTitle "playchess.com"]
[Source "ChessBase"]
[SourceQuality "1"]
[TimeControl "40/5400+30:1800+30"]

1. c4 e5 2. Nc3 Nf6 3. g3 c6 4. Nf3 e4 5. Nd4 d5 6. cxd5 {[%emt 0:00:21] A23: English Opening: 1...e5 2 Nc3 Nf6 3 g3 c6.} Bc5 7. Nb3 Bb6 8. Bg2 {[%emt 0:00:56] White is slightly better.} cxd5 9. d3 Ng4 10. O-O (10. dxe4 Nxf2 11. Qxd5 Nxh1 12. Qxd8+ Bxd8 $17) 10... e3 {[%emt 0:00:03] [#]} 11. fxe3 $146 ({Reject} 11. Bxd5 exf2+ 12. Kg2 O-O $15) ({Predecessor:} 11. Nxd5 exf2+ 12. Kh1 h5 13. h4 Nc6 14. d4 O-O 15. e4 a5 16. a4 Re8 17. Bf4 {0-1 Jongsma,A (2300)-Comp Rajah The Hague AEGON 1997 (2)}) 11... Bxe3+ 12. Kh1 $1 Be6 13. d4 ({Of course not} 13. Bxe3 Nxe3 14. Qd2 Nxf1 15. Rxf1 Nc6 $17) 13... Nc6 14. Rf3 Bxc1 (14... Nf2+ 15. Rxf2 Bxf2 16. Qd2 $16) 15. Qxc1 O-O 16. Qf4 b6 17. Rd1 f5 18. Rff1 Qd7 19. Nc1 Nf6 20. Nd3 Ne4 21. Ne5 Nxe5 22. Qxe5 Rae8 23. Nxe4 {[%emt 0:02:47] The position is equal.} fxe4 24. Rxf8+ Rxf8 25. Rc1 $1 {[%emt 0:00:33] [#] Rc7 is the strong threat.} Rc8 {[%emt 0:00:48] Repels Rc7} 26. Rxc8+ Qxc8 $11 {[%emt 0:00:01][%mdl 4096] Endgame KQB-KQB} 27. h4 h6 28. Kh2 Qd7 29. b3 Kh7 30. Kg1 b5 31. b4 Qc6 32. Kf2 Bg4 33. Bf1 h5 34. Qg5 Qc4 35. Qd2 a6 36. Ke3 Qc7 {[%emt 0:01:26][%cal Rc7g3] [#]} 37. Kf2 Qc4 38. Ke3 Qc7 39. Kf2 $1 {[%emt 0:00:07] Weighted Error Value: White=0.03 (flawless) /Black=0.04 (flawless)} 1/2-1/2

[Event "Polish Youth B18 Championship 2023"]
[Site "Jastrzebia Gora"]
[Date "2023.03.17"]
[Round "7.9"]
[White "Turski, Bartlomiej"]
[Black "Grzesik, Gracjan"]
[Result "1-0"]
[ECO "B90"]
[WhiteElo "2352"]
[BlackElo "2149"]
[Annotator "TA"]
[PlyCount "87"]
[EventDate "2023.03.11"]
[EventType "swiss"]
[EventCountry "POL"]
[SourceTitle "playchess.com"]
[Source "ChessBase"]
[SourceQuality "1"]
[TimeControl "40/5400+30:1800+30"]

1. e4 c5 2. Nf3 d6 3. d4 cxd4 4. Nxd4 Nf6 5. Nc3 a6 6. h4 {[%emt 0:00:05] B90: Sicilian Najdorf: Unusual White 6th moves, 6 Be3 Ng4 and 6 Be3 e5.} e5 7. Nb3 Be7 8. Bg5 {[%emt 0:00:10] The position is equal.} Be6 9. Bxf6 Bxf6 10. g3 O-O 11. Qd2 Be7 12. O-O-O Nd7 13. f4 b5 14. f5 Bxb3 {[%emt 0:09:14] [#]} (14... Bc4 $14 {feels stronger.}) 15. axb3 $146 ({Predecessor:} 15. cxb3 Nf6 16. Qe3 Rc8 17. Kb1 Qc7 18. Bd3 Rfe8 19. Qf3 h6 20. g4 b4 21. Na4 {1-0 Sadhwani,R (2493)-Eynullayev,A (2204) Abu Dhabi op 26th 2019 (1)}) 15... Nb6 {[%emt 0:01:54] Black is weak on the light squares} 16. Kb1 Qc7 17. g4 Rfc8 18. g5 f6 19. gxf6 Bxf6 20. h5 h6 21. Rg1 Kh7 22. Qxd6 (22. Qg2 $6 Bg5 $14) 22... Qa7 23. Bd3 {[%emt 0:10:35] White has more active pieces.} Rd8 24. Qc5 Rac8 25. Qe3 Qb7 {[%emt 0:01:12] Wards off Nd5} 26. Rg6 {[%emt 0:01:51][%cal Og6f6] Hoping for Rxf6!} (26. Qg3 Kh8 $16) 26... b4 $2 (26... Rd6 27. Rdg1 Kh8) 27. Ne2 $2 (27. Rxf6 $18 gxf6 28. Rg1) 27... a5 $2 {[%emt 0:02:26][%mdl 8192] [#] Loses the game.} (27... Rd6 $16) 28. Rxf6 $1 $18 gxf6 29. Rg1 {[%emt 0:00:01] aiming for Rg6.} Rg8 30. Rg6 Rxg6 31. fxg6+ Kg8 32. Ng3 a4 33. Nf5 axb3 34. cxb3 Qa7 35. Bc4+ {[%emt 0:01:38] White mates.} Rxc4 36. bxc4 {[%emt 0:00:07] KQN-KQN} Qd7 37. Qb3 (37. Qxb6 Qd1+ 38. Ka2 Qa4+ 39. Kb1 Qd1+ 40. Ka2 Qa4+ 41. Kb1 Qd1+ $11) 37... Kh8 38. g7+ Kh7 39. g8=Q+ {[%emt 0:00:24][%mdl 64] Decoy} Kxg8 40. c5+ {[%emt 0:00:00][%mdl 64] Discovered Attack} Kh8 41. cxb6 Qb5 42. Qd1 ({Not} 42. Nxh6 Qf1+ 43. Ka2 Qa6+ 44. Kb1 Qf1+ 45. Kc2 (45. Ka2 Qa6+ 46. Kb1 Qf1+ $11) 45... Qf2+ 46. Kd3 Qf1+ 47. Kd2 (47. Kc2 Qf2+ 48. Kd3 Qf1+ 49. Kd2 Qf2+ 50. Kd3 $11) 47... Qf2+ 48. Kd3 (48. Kd1 Qf1+ 49. Kd2 Qf2+ 50. Kd3 Qf1+ 51. Kd2 $11) 48... Qf1+ 49. Kd2 (49. Kc2 Qf2+ 50. Kd3 $11) 49... Qf2+ 50. Kd3 $11 (50. Kd1 Qf1+ 51. Kd2 $11)) (42. Qf7 Qd3+ 43. Ka1 Qa6+ 44. Kb1 Qf1+ 45. Ka2 Qa6+ 46. Kb3 Qd3+ 47. Ka4 Qa6+ 48. Kxb4 (48. Kb3 Qd3+ 49. Kxb4 Qb5+ 50. Kc3 Qxb2+ 51. Kd3 Qb1+ 52. Ke2 Qc2+ 53. Kf3 Qd1+ 54. Kg3 Qd3+ 55. Kh2 Qe2+ 56. Kh3 Qf1+ 57. Kh4 Qf4+ 58. Kh3 Qf1+ 59. Kh4 Qf4+ 60. Kh3 Qf1+ $11) 48... Qb5+ 49. Kc3 Qxb2+ 50. Kd3 Qb1+ 51. Ke2 (51. Kc3 Qb2+ 52. Kxb2 $11) 51... Qc2+ 52. Kf3 Qd1+ 53. Kg3 Qd3+ 54. Kh4 (54. Kh2 Qe2+ 55. Kh1 Qf1+ 56. Kh2 Qe2+ 57. Kh3 Qf1+ 58. Kh4 Qf4+ 59. Kh3 Qf1+ 60. Kh4 Qf4+ 61. Kh3 Qf1+ $11) 54... Qxe4+ 55. Kh3 (55. Kg3 Qf4+ 56. Kh3 Qxf5+ 57. Kg3 Qf4+ 58. Kg2 Qe4+ 59. Kf2 Qd4+ 60. Kg2 Qb2+ 61. Kh1 Qxb6 $11) 55... Qxf5+ 56. Kg3 Qf4+ 57. Kg2 Qe4+ 58. Kf2 (58. Kh2 Qf4+ 59. Kg2 Qe4+ 60. Kf2 Qd4+ 61. Kg2 Qxb6 $11) 58... Qd4+ 59. Kg2 (59. Kf3 e4+ 60. Kg4 Qxb6 $11) 59... Qxb6 $11) 42... Kh7 43. b3 Qc6 44. Qg4 {[%emt 0:00:55] Weighted Error Value: White=0.16 (very precise) /Black=0.36} 1-0

[Event "Polish Youth B18 Championship 2023"]
[Site "Jastrzebia Gora"]
[Date "2023.03.17"]
[Round "7.10"]
[White "Zdybel, Przemyslaw"]
[Black "Stachecki, Mikolaj"]
[Result "1/2-1/2"]
[ECO "B24"]
[WhiteElo "2268"]
[BlackElo "2015"]
[Annotator "TA"]
[PlyCount "90"]
[EventDate "2023.03.11"]
[EventType "swiss"]
[EventCountry "POL"]
[SourceTitle "playchess.com"]
[Source "ChessBase"]
[SourceQuality "1"]
[TimeControl "40/5400+30:1800+30"]

1. e4 c5 2. Nc3 Nc6 3. g3 g6 4. Bg2 Bg7 5. d3 e6 6. Be3 d6 7. Qd2 Nge7 8. Bh6 Bxh6 9. Qxh6 Ng8 {[%emt 0:00:06] B26: Closed Sicilian: 3 g3, lines with early Be3.} 10. Qd2 Nd4 11. Nd1 Ne7 {[%emt 0:01:52] White is slightly better.} 12. c3 Ndc6 13. f4 f5 14. Nf3 O-O 15. O-O {[%emt 0:03:12] [#]} Rb8 $146 ({Predecessor:} 15... b5 16. exf5 exf5 17. d4 Rb8 18. Ne3 b4 19. Rfe1 h6 20. Rad1 Bb7 21. Qe2 bxc3 22. bxc3 cxd4 23. Nxd4 Nxd4 {0-1 Chyzhevskyy,M (1880)-Grechko,V (2104) Chernivtsi op 2021 (2)}) 16. exf5 exf5 (16... Nxf5 $14 17. Ne3 Bd7) 17. Re1 $16 Kg7 18. d4 {[%emt 0:03:06] aiming for d5.} Ng8 19. d5 (19. dxc5 $18 dxc5 20. Qe3) 19... Nce7 20. Ng5 Nf6 21. Nf2 ({Better is} 21. Ne3 $16) 21... Re8 $14 22. Rad1 Qc7 23. h3 h6 24. Ne6+ Bxe6 25. Rxe6 Neg8 26. g4 Rxe6 27. dxe6 Rd8 28. c4 Kh7 29. g5 Ne8 30. gxh6 Kxh6 31. h4 Qe7 {[%emt 0:04:01] [#]} (31... Ng7 $1 $11) 32. Nh3 $1 $36 {[%emt 0:00:02][%mdl 2048] Black is under strong pressure.} Kg7 33. Ng5 Nh6 34. b4 Rc8 35. bxc5 Rxc5 36. Qd4+ ({Much less strong is} 36. Rb1 b6 $14) 36... Qf6 37. Bxb7 {[%emt 0:00:24] White is much more active.} (37. Qd3 $16) 37... a5 $2 {[%emt 0:01:33] [#]} (37... Qxd4+ $11 {and Black has nothing to worry.} 38. Rxd4 Kf8) 38. Ba6 $2 (38. Qd3 $1 $18) 38... Qxd4+ $11 {[%emt 0:02:22] The position is equal.} 39. Rxd4 {[%emt 0:00:01] e7 would be deadly.} Kf6 40. Bb5 Ke7 41. Bxe8 Kxe8 42. Kf2 Ke7 43. Ke2 Ng4 44. a4 Nf6 $1 45. Kd3 Rc8 {[%emt 0:00:53] Weighted Error Value: White=0.28 (precise) /Black=0.23 (precise)} 1/2-1/2